[Event "Early-Titled-Tuesday-Blitz-March-26-2024"]
[Site "Chess.com"]
[Date "2024.03.26"]
[Round "5"]
[White "forevery0ung"]
[Black "Bauman_Guy"]
[Result "1/2-1/2"]
[WhiteElo "2734"]
[BlackElo "2909"]
[TimeControl "180+1"]
[EndTime "8:54:44 PDT"]
[Termination "Game drawn by repetition"]

1. Nf3 d5 2. c4 c6 3. e3 Nf6 4. b3 g6 5. Bb2 Bg7 6. Be2 O-O 7. O-O a6 8. Nc3 Bg4 9. cxd5 cxd5 10. Ne5 Bxe2 11. Nxe2 Nbd7 12. d3 Rc8 13. Qd2 Nxe5 14. Bxe5 Ne4 15. Qb2 Bxe5 16. Qxe5 Nc5 17. Rfd1 e6 18.
Rac1 Nd7 19. Qd6 Nc5 20. Qe5 Qa5 21. Qb2 Nd7 22. h4 h5 23. Nf4 Qb6 24. g3 Qd6 25.
Qd4 Ne5 26. Kg2 Ng4 27. b4 Rfd8 28. Qb2 e5 29. Nh3 d4 30. e4 Kg7 31. Ng5 f6 32. Nf3 b5 33. a3 Kf7 34. Nd2 f5 35. Nf3 fxe4 36. Ng5+ Kg7 37. Nxe4 Qd5 38. Rxc8 Rxc8 39. Rc1 Rf8 40. Rc7+ Kg8 41. Kg1 Qe6 42. Qd2 Qf5 43. Qa2+ Kh8 44. Qe2 Qf3 45. Qd2 Kg8 46. Qg5 Qd1+ 47.
Kg2 Ne3+ 48. Kh2 Ng4+ 49. Kg2 Qf3+ 50. Kg1 Qd1+ 51. Kg2 1/2-1/2

[Event "Early-Titled-Tuesday-Blitz-March-26-2024"]
[Site "Chess.com"]
[Date "2024.03.26"]
[Round "5"]
[White "whiteglovethief"]
[Black "PepeCuenca"]
[Result "0-1"]
[WhiteElo "2517"]
[BlackElo "2748"]
[TimeControl "180+1"]
[EndTime "8:54:44 PDT"]
[Termination "PepeCuenca won on time"]

1. d4 Nf6 2. c4 g6 3. Nc3 Bg7 4.
e4 d6 5. Nf3 O-O 6. Be2 Bg4 7. Be3 Nfd7 8. h4 e5 9. d5 Nf6 10. Qd2 Na6 11. Ng1 Bxe2 12. Ngxe2 Ng4 13. h5 Nxe3 14. Qxe3 Nc5 15. O-O-O Qe7 16. Qh3 Bf6 17. b4 Nd7 18. Ng3 a5 19. b5 Nc5 20. Nf1 Bg5+ 21. Kc2 Qd7 22. g4 Bf4 23. Ne3 Qe7 24. Rdg1 Kh8 25.
g5 Rg8 26. hxg6 fxg6 27. Ng4 Rg7 28. Nf6 Bxg5 29. Nxh7 Rxh7 30. Qxh7+ Qxh7 31. Rxh7+ Kxh7 32. Rxg5 Rf8 33. Rg2 Rf4 34. b6 cxb6 35. Nb5 Nxe4 36. f3 Rxf3 37. Re2 Rf4 38. Rxe4 Rxe4 39. Nxd6 Rf4 40.
Kd3 g5 41. Ne4 g4 42. d6 Kg7 43. d7 Rf8 44. Ng5 Rd8 45. Ne6+ Kf6 46. Nxd8 Ke7 47. Nxb7 Kxd7 48. Ke4 Kc7 49. c5 Kxb7 0-1

[Event "Early-Titled-Tuesday-Blitz-March-26-2024"]
[Site "Chess.com"]
[Date "2024.03.26"]
[Round "5"]
[White "DavidGavrilescu18"]
[Black "SpeedofLight0"]
[Result "0-1"]
[WhiteElo "2766"]
[BlackElo "3071"]
[TimeControl "180+1"]
[EndTime "8:54:45 PDT"]
[Termination "SpeedofLight0 won by checkmate"]

1. e4 Nc6 2. Nf3 d6 3. d4 Nf6 4.
Bd3 g6 5. O-O Bg4 6. c3 Bg7 7.
Nbd2 O-O 8. h3 Bc8 9. Re1 e5 10. a4 Re8 11. a5 exd4 12. cxd4 Nb4 13. Bb1 c5 14. dxc5 dxc5 15. e5 Nfd5 16. Nc4 Be6 17.
Nd6 Re7 18. Bg5 f6 19. Bh4 fxe5 20. Bxe7 Qxe7 21. Nc4 Rd8 22. Ncxe5 Nf4 23. Qc1 Bxe5 24. Rxe5 Nfd3 25. Bxd3 Nxd3 26. Qg5 Qxg5 27. Rxg5 c4 28. Rb5 Bd5 29. Rd1 Bc6 30. Rg5 Re8 31. Rd2 Bxf3 32. gxf3 a6 33. Kg2 Re1 34. Rg4 Rc1 35. Rd4 Nc5 36. Rd8+ Kf7 37. Rc8 Ne6 38. f4 Kf6 39.
Kf3 Rh1 40. Rxc4 Rxh3+ 41. Kg2 Rb3 42. Rd6 Kf5 43. Rb6 Nxf4+ 44. Kf1 Rd3 45. Ke1 Rd7 46.
Rb3 Nd3+ 47. Kf1 Nf4 48. Rf3 Rd1# 0-1

[Event "Early-Titled-Tuesday-Blitz-March-26-2024"]
[Site "Chess.com"]
[Date "2024.03.26"]
[Round "5"]
[White "Practical-Play"]
[Black "kai_nov"]
[Result "0-1"]
[WhiteElo "2497"]
[BlackElo "2343"]
[TimeControl "180+1"]
[EndTime "8:54:45 PDT"]
[Termination "kai_nov won by resignation"]

1. e4 c5 2. Nf3 Nc6 3. Nc3 e6 4. d4 cxd4 5. Nxd4 Nf6 6. Qd3 Nb4 7. Qd2 Bc5 8. Nb3 Bb6 9. Nb5 Nc6 10. Nd6+ Kf8 11. Be2 Bc7 12. O-O Qe7 13. Nb5 Nxe4 14. Qe3 d5 15. Nxc7 Qxc7 16. f3 Nf6 17. Kh1 Kg8 18.
f4 Ne4 19. Bd3 f5 20. c4 Nb4 21. cxd5 Nxd5 22. Qd4 Nef6 23. Bd2 Bd7 24. Rac1 Qb6 25.
Nc5 Rc8 26. Nxd7 Qxd4 27. Rxc8+ Kf7 28. Ne5+ Ke7 29. Rxh8 Ng4 30. Bc3 Nxc3 31. bxc3 Nf2+ 32. Rxf2 Qxf2 33. g3 Qe1+ 34. Kg2 Qxc3 35. Rxh7 Kf6 36. Rh8 Qd2+ 37. Kg1 Qe1+ 38. Bf1 Qe3+ 39. Kg2 Qe4+ 40. Nf3 Qc2+ 41. Kg1 Qc5+ 42. Kh1 Qd5 43. Bg2 Qxa2 44. h4 Qb1+ 45. Kh2 a5 46. Ne5 a4 47. Re8 a3 48.
Rf8+ Ke7 49. Rf7+ Ke8 50. Rxb7 Qxb7 51. Bxb7 a2 52. Bc6+ Ke7 0-1

[Event "Early-Titled-Tuesday-Blitz-March-26-2024"]
[Site "Chess.com"]
[Date "2024.03.26"]
[Round "5"]
[White "yuriydovzik"]
[Black "AdvanceGuard4"]
[Result "1/2-1/2"]
[WhiteElo "2128"]
[BlackElo "2647"]
[TimeControl "180+1"]
[EndTime "8:54:45 PDT"]
[Termination "Game drawn by repetition"]

1. Nf3 Nf6 2. g3 d5 3. b3 c5 4.
Bb2 d4 5. c3 Nc6 6. Bg2 e5 7.
d3 Bd6 8. O-O O-O 9. Nbd2 Bc7 10. Rc1 dxc3 11. Bxc3 Nd5 12. Bb2 b6 13. Qc2 Bb7 14.
Qb1 Nd4 15. Rfe1 Re8 16. Nc4 Qf6 17. Ncd2 Rad8 18. Ne4 Qe7 19. Nxd4 exd4 20. Nd2 h5 21. b4 h4 22. bxc5 bxc5 23. Ne4 hxg3 24. hxg3 Bb6 25. Ba3 Rc8 26. Qb3 Nf6 27. Nxf6+ gxf6 28. Bxb7 Qxb7 29.
Bxc5 Qc6 30. Bxb6 Qxc1 31. Rxc1 Rxc1+ 32. Kg2 axb6 33. Qxb6 Rxe2 34. Qxf6 Rcc2 35. Qxd4 Rxa2 36.
Kf3 Reb2 37. g4 Kf8 38. g5 Kg8 39. Kg3 Rd2 40. Qd8+ Kg7 41. Qf6+ Kg8 42. g6 fxg6 43. Qxg6+ Kf8 44. Qf6+ Ke8 45. d4 Rd3+ 46. f3 Rad2 47. Qe5+ Kd7 48. Qd5+ Kc7 49. Qc5+ Kd7 50. Qb5+ Kd6 51.
Qe5+ Kd7 52. Qf5+ Kc6 53. Qc5+ Kb7 54. Qb5+ Kc7 55. Qc5+ Kd7 56. Qd5+ Kc7 57. Qc5+ 1/2-1/2

[Event "Early-Titled-Tuesday-Blitz-March-26-2024"]
[Site "Chess.com"]
[Date "2024.03.26"]
[Round "5"]
[White "Nf3c5"]
[Black "kids2010"]
[Result "0-1"]
[WhiteElo "2547"]
[BlackElo "2799"]
[TimeControl "180+1"]
[EndTime "8:54:46 PDT"]
[Termination "kids2010 won on time"]

1. e4 c6 2. d4 d5 3. exd5 cxd5 4. Bd3 Nc6 5. c3 g6 6. Bf4 Nf6 7. Nd2 Bf5 8. Be2 Bg7 9. Ngf3 O-O 10. O-O Rc8 11. Re1 a6 12. a4 h6 13. h3 Ne4 14.
Nf1 Na5 15. Ne5 Nd6 16. Ne3 Be6 17. b4 Nc6 18. Nd3 Ne4 19. Rc1 b6 20. f3 Nd6 21.
Qd2 Kh7 22. Nf2 a5 23. b5 Nb8 24. Neg4 Nf5 25. Nd3 h5 26. Ngf2 Nd7 27. g4 Nd6 28. Nb2 Nf6 29. Bd3 Qd7 30. Kg2 Nc4 31. Nxc4 dxc4 32.
Bc2 Rce8 33. Bg5 Nd5 34. gxh5 Bf5 35. Be4 f6 36. hxg6+ Bxg6 37. Be3 f5 38. Bxd5 Qxd5 39. Bf4 Bf6 40. Qe3 Bh5 41. h4 Rg8+ 42. Bg5 Rg6 43. Kg3 Reg8 44. f4 R6g7 45. Rg1 Rd8 46. Kh3 Rd6 47. Rg3 Re6 48. Qd2 Re2 49. Qd1 Bxg5 0-1

[Event "Early-Titled-Tuesday-Blitz-March-26-2024"]
[Site "Chess.com"]
[Date "2024.03.26"]
[Round "5"]
[White "C_K_G"]
[Black "lagunanivaria"]
[Result "0-1"]
[WhiteElo "2238"]
[BlackElo "2462"]
[TimeControl "180+1"]
[EndTime "8:54:46 PDT"]
[Termination "lagunanivaria won by resignation"]

1. e4 c6 2. Nf3 d5 3. Nc3 dxe4 4. Nxe4 Nf6 5. Nxf6+ exf6 6. d4 Bd6 7. Be2 O-O 8. O-O Re8 9. Re1 Nd7 10. c4 Nf8 11. h4 Be6 12. Be3 Qd7 13. h5 Rad8 14. a3 Bc7 15. b4 Bg4 16. h6 g6 17. a4 Ne6 18. d5 cxd5 19. cxd5 Qxd5 20. Qxd5 Rxd5 21.
Bxa7 Bf4 22. Bc4 Rd6 23. Bc5 Rdd8 24. Bb6 Rb8 25. Bb5 Rf8 26. Nd4 Bxh6 27. Nxe6 Bxe6 28.
Bc5 Rfc8 29. Rad1 Bf8 30. Bxf8 Rxf8 31. Bd7 Bb3 32. Rd3 Rfd8 33. Ree3 Bc2 34. Rc3 Rxd7 35.
Rxc2 Rbd8 36. b5 Rd4 37. Rc7 R8d7 38. Rxd7 Rxd7 39. Rc3 Rd4 40. Rc7 b6 41. Rb7 Rxa4 42. Rxb6 Rb4 43. Kf1 Kg7 44. Ke2 f5 45. Rb8 Kf6 46.
Kd3 Ke6 47. Kc3 Rb1 48. g3 Kd6 49. f4 Kc5 50. Rb7 Rxb5 51. Rxf7 h6 52. Rf6 Rb6 53.
Rf7 Kd5 54. Re7 Ra6 55. Kb3 Re6 56. Rd7+ Ke4 57. Rd2 Kf3 58. Rd3+ Re3 59. Kc4 Rxd3 60. Kxd3 Kxg3 61. Ke3 h5 0-1

[Event "Early-Titled-Tuesday-Blitz-March-26-2024"]
[Site "Chess.com"]
[Date "2024.03.26"]
[Round "5"]
[White "verrbaa"]
[Black "LeoWin2012"]
[Result "1-0"]
[WhiteElo "2489"]
[BlackElo "2292"]
[TimeControl "180+1"]
[EndTime "8:54:46 PDT"]
[Termination "verrbaa won by checkmate"]

1. e4 e5 2. Nf3 Nf6 3. Nxe5 d6 4. Nf3 Nxe4 5. Qe2 Qe7 6. d3 Nf6 7. Bg5 Qxe2+ 8. Bxe2 Be7 9. Nc3 c6 10. O-O-O Be6 11.
h3 Nbd7 12. Nd4 Nd5 13. Bxe7 Kxe7 14. Ne4 N7f6 15. Nxe6 fxe6 16. g3 Nxe4 17. dxe4 Nf6 18. f3 e5 19. a4 a5 20. Rd2 b6 21. Rd3 c5 22. Rb3 Rab8 23. Rd1 Rhd8 24. Bc4 h6 25. h4 Ne8 26. Kd2 Nc7 27. Ke2 Ne6 28. c3 Nc7 29. f4 Rf8 30. Ke3 Rf6 31. f5 g6 32. g4 b5 33. axb5 a4 34. Ra3 Nxb5 35. Rxa4 Nc7 36.
Ra7 Kd7 37. g5 hxg5 38. hxg5 Rff8 39. fxg6 Rh8 40. Kd2 Rh2+ 41. Kd3 Rbxb2 42. Re1 Rbd2+ 43. Ke3 Rb2 44. Rf1 Rhe2+ 45. Bxe2 Rb8 46. g7 Rg8 47. Rf7+ Ke6 48. Raxc7 Rxg7 49. Bc4+ d5 50. Bxd5+ Kd6 51. Rc6# 1-0

[Event "Early-Titled-Tuesday-Blitz-March-26-2024"]
[Site "Chess.com"]
[Date "2024.03.26"]
[Round "5"]
[White "ernestina08chess"]
[Black "gummigisla"]
[Result "1/2-1/2"]
[WhiteElo "2242"]
[BlackElo "2430"]
[TimeControl "180+1"]
[EndTime "8:54:46 PDT"]
[Termination "Game drawn by repetition"]

1. e4 c5 2. Nf3 e6 3. d4 cxd4 4. Nxd4 Nc6 5. Bf4 Nxd4 6. Qxd4 d6 7. Be3 Bd7 8. c4 Bc6 9. Nc3 Nf6 10. Be2 Be7 11.
O-O O-O 12. f3 Nd7 13. Qd2 a6 14. Rfd1 Rc8 15. b3 Re8 16. Rac1 Ne5 17. f4 Ng6 18. Bf3 Nh4 19. Bg4 f5 20. exf5 exf5 21. Bh3 Kh8 22.
Bf2 Rf8 23. Bxh4 Bxh4 24. Qxd6 Qb6+ 25. Qd4 Qa5 26. Qe5 Qxe5 27. fxe5 Bg5 28. Rc2 Be3+ 29. Kf1 Rce8 30. Re2 Rxe5 31. Rd3 f4 32. Nd5 Bxd5 33. Rxd5 Rxd5 34. cxd5 Rd8 35. Be6 b6 36. g3 a5 37. Kg2 g5 38. Kf3 Kg7 39. h4 h6 40.
hxg5 hxg5 41. gxf4 gxf4 42. Rc2 Kf6 43. Rc7 Ke5 44. Re7 Kd4 45. Rc7 Kd3 46. Bf5+ Kd2 47. Be6 Rd6 48. Rc8 Kd3 49. Rc7 Kd4 50. Rc8 Ke5 51. Re8 Kd4 52. Rc8 Ke5 53. Re8 Kd4 54.
Rc8 1/2-1/2

[Event "Early-Titled-Tuesday-Blitz-March-26-2024"]
[Site "Chess.com"]
[Date "2024.03.26"]
[Round "5"]
[White "frequentblunders"]
[Black "MarijaKuznecova"]
[Result "1-0"]
[WhiteElo "2198"]
[BlackElo "2405"]
[TimeControl "180+1"]
[EndTime "8:54:47 PDT"]
[Termination "frequentblunders won by resignation"]

1. d3 d5 2. f4 c5 3. Nf3 Nc6 4. g3 g6 5. Bg2 Bg7 6. O-O Nf6 7.
Nc3 O-O 8. e4 dxe4 9. dxe4 Qb6 10.
h3 Nd4 11. e5 Ne8 12. Nd5 Qd8 13. c3 Nxf3+ 14. Qxf3 Bd7 15. Rd1 e6 16. Ne3 Rb8 17. Nc4 Qc7 18. Be3 Bc6 19. Qf2 f6 20. Bxc5 Rf7 21.
Bd6 Nxd6 22. exd6 Qd7 23. Qxa7 Rc8 24. Nb6 Qd8 25. Nxc8 Bxg2 26. Kxg2 Qxc8 27. Qb6 Rd7 28. Rd2 Bf8 29. Rad1 Kf7 30. c4 Qa8 31. a3 Qa4 32. c5 Qe4+ 33. Kh2 g5 34. fxg5 f5 35. b4 e5 36. b5 f4 37. Rf2 Kg6 38. c6 bxc6 39.
bxc6 fxg3+ 40. Kxg3 Rxd6 41. Rxd6+ Bxd6 42. c7 Qd3+ 43. Kg2 Qd5+ 44. Kf1 Qd1+ 45. Kg2 Qd5+ 46. Kg1 Qd2 47.
Rxd2 1-0

[Event "Early-Titled-Tuesday-Blitz-March-26-2024"]
[Site "Chess.com"]
[Date "2024.03.26"]
[Round "5"]
[White "wild3000"]
[Black "GeorgiosSouleidis"]
[Result "1/2-1/2"]
[WhiteElo "2461"]
[BlackElo "2614"]
[TimeControl "180+1"]
[EndTime "8:54:48 PDT"]
[Termination "Game drawn by repetition"]

1. d4 Nf6 2. Nf3 g6 3. g3 Bg7 4. Bg2 O-O 5. O-O d6 6. Nbd2 Nbd7 7. e4 e5 8. d5 Nc5 9. Re1 a5 10. a3 Ne8 11. Rb1 f5 12. exf5 gxf5 13. b4 axb4 14. axb4 Na4 15. Rb3 e4 16. Nh4 Nc3 17. Qh5 Nf6 18.
Qg5 Nfxd5 19. Qxd8 Rxd8 20. Bb2 Bd7 21. Bh3 Rf8 22.
Ra3 Rxa3 23. Bxa3 Nb5 24. Bc1 Nxb4 25. Nxe4 Nxc2 26. Rf1 fxe4 27. Bxd7 Nbd4 28. g4 b5 29. Nf5 Nxf5 30. gxf5 Nd4 31. Be3 Nxf5 32. Bxb5 Nxe3 33.
fxe3 Rxf1+ 34. Kxf1 Kf7 35. Bc6 Ke6 36. Bxe4 h6 37.
Ke2 Ke5 38. Kd3 d5 39. Bh7 c5 40. h3 c4+ 41. Ke2 Bf6 42. Kd2 Kd6 43. Ke2 Kc5 44.
Bg8 Bg5 45. Bf7 Bf6 46. Bg8 h5 47. Bf7 h4 48. Bg8 c3 49. Kd3 Be5 50. Bf7 Bg7 51. Bg8 d4 52. exd4+ Bxd4 53. Bf7 Bf6 54. Be6 Kd6 55.
Bg4 Be5 56. Kc2 Ke7 57. Bh5 Kf6 58. Bg4 Kg5 59. Be6 Bg7 60. Bd7 Kf4 61. Bc8 Bf6 62. Bg4 Bg7 63. Bc8 Bf6 64. Bg4 Bg7 65.
Bc8 1/2-1/2

[Event "Early-Titled-Tuesday-Blitz-March-26-2024"]
[Site "Chess.com"]
[Date "2024.03.26"]
[Round "5"]
[White "Misterfox120"]
[Black "Kunalm64"]
[Result "1/2-1/2"]
[WhiteElo "2474"]
[BlackElo "2630"]
[TimeControl "180+1"]
[EndTime "8:54:49 PDT"]
[Termination "Game drawn by repetition"]

1. d4 Nf6 2. Nc3 d5 3. Bf4 c6 4. e3 g6 5. h4 h5 6. Nf3 Bg4 7. Be2 Bxf3 8. Bxf3 Nbd7 9. e4 dxe4 10. Nxe4 Nxe4 11.
Bxe4 Nf6 12. Bf3 Bg7 13. O-O O-O 14. Be5 Qd7 15. c3 Nd5 16. Bxg7 Kxg7 17. g3 Nf6 18.
Re1 Rad8 19. Qe2 Rfe8 20. Rad1 a6 21. Qe5 Qd6 22. Qxd6 exd6 23. Kf1 Rxe1+ 24. Rxe1 Kf8 25. Re3 d5 26. Ke2 Ne8 27. Kd2 Nd6 28. Be2 a5 29. Bd3 a4 30. a3 b5 31. Kc2 Rd7 32. Re5 f6 33. Re6 Kf7 34. Re2 f5 35. Re5 Re7 36. Rxe7+ Kxe7 37. Kd2 Kf6 38. Ke3 g5 39. Be2 f4+ 40.
Kf3 fxg3 41. fxg3 Nf5 42. Bd3 Nd6 43. Be2 Ne4 44. Bd3 Nd2+ 45. Ke3 Nc4+ 46. Bxc4 bxc4 47.
hxg5+ Kxg5 48. Kf2 Kg4 49. Kg2 Kg5 50. Kf2 Kf6 51. Ke2 Kg5 52. Kf2 1/2-1/2

[Event "Early-Titled-Tuesday-Blitz-March-26-2024"]
[Site "Chess.com"]
[Date "2024.03.26"]
[Round "5"]
[White "m_ezat"]
[Black "ogpin"]
[Result "1/2-1/2"]
[WhiteElo "2553"]
[BlackElo "2279"]
[TimeControl "180+1"]
[EndTime "8:54:50 PDT"]
[Termination "Game drawn by stalemate"]

1. d4 Nf6 2. c4 e6 3. Nc3 Bb4 4.
Bg5 O-O 5. Qc2 h6 6. Bh4 d6 7. e4 Nbd7 8. Nf3 Bxc3+ 9. bxc3 e5 10. Bd3 Re8 11. O-O Nf8 12. Rad1 Ng6 13. Bg3 Qe7 14.
c5 exd4 15. cxd6 cxd6 16. cxd4 Nxe4 17. Rde1 d5 18. Ne5 Nxe5 19. Bxe5 Be6 20. f3 Nd6 21. f4 Rac8 22. Qb1 Qd7 23. f5 Nxf5 24. Rxf5 Bxf5 25. Bxf5 Qc6 26. Bxc8 Qxc8 27. h3 Qc3 28. Kh2 f6 29. Bg3 Rxe1 30. Qxe1 Qxd4 31. Qe7 b5 32. Qe8+ Kh7 33. Qxb5 Qd2 34. Qb1+ Kg8 35. Qb8+ Kh7 36. Qxa7 d4 37. Qc7 d3 38. Bf4 Qxa2 39. Qd7 Qe2 40.
Qf5+ Kg8 41. h4 Qf2 42. Qd5+ Kh7 43. Qxd3+ Kg8 44. Qg3 Qxg3+ 45. Bxg3 h5 46. Kg1 g5 47. Kf2 Kf7 48. Ke3 Ke6 49. Ke4 f5+ 50. Kd4 f4 51. Bxf4 gxh4 52. Ke4 Kf6 53. Be3 Kg6 54. Ke5 h3 55. gxh3 h4 56. Kf4 Kh5 57. Kf5 1/2-1/2

[Event "Early-Titled-Tuesday-Blitz-March-26-2024"]
[Site "Chess.com"]
[Date "2024.03.26"]
[Round "5"]
[White "Jospem"]
[Black "Rsnr"]
[Result "0-1"]
[WhiteElo "3079"]
[BlackElo "2927"]
[TimeControl "180+1"]
[EndTime "8:54:53 PDT"]
[Termination "Rsnr won by resignation"]

1. e4 c6 2. d4 d5 3. e5 Bf5 4.
h4 h5 5. Bd3 Bxd3 6. Qxd3 e6 7.
Nf3 Qa5+ 8. Nc3 Qa6 9. Qd1 c5 10. Ne2 cxd4 11. O-O Nc6 12. Nexd4 Nge7 13. Re1 Nxd4 14.
Nxd4 Nc6 15. Nf3 Be7 16. Bg5 Qc4 17. Bxe7 Nxe7 18. Nd4 Nc6 19. c3 Nxd4 20. cxd4 Rc8 21. Qd2 O-O 22. Rec1 Qa4 23. b3 Qa3 24. Kh2 a5 25.
Rab1 Qb4 26. Qe3 Qa3 27. Qd2 Qb4 28. Qb2 a4 29. Rxc8 Rxc8 30. bxa4 Qxb2 31. Rxb2 Rc4 32. a5 Rxd4 33. Kh3 Ra4 34. Rxb7 Rxa5 35. Rb2 Kh7 36. f4 Kg6 37. g3 Kf5 38. Rb7 Kg6 39. Rb2 f6 40. exf6 gxf6 41. Rb8 Rxa2 42. Rg8+ Kf5 43.
Rh8 d4 44. Rxh5+ Ke4 45. Rh8 d3 46. Rd8 Ra5 47. Kg2 Ke3 48. g4 d2 49. Rxd2 Kxd2 50.
g5 Ke3 51. g6 Kxf4 52. g7 Ra8 53. h5 Kg5 0-1

[Event "Early-Titled-Tuesday-Blitz-March-26-2024"]
[Site "Chess.com"]
[Date "2024.03.26"]
[Round "5"]
[White "Iball95"]
[Black "shimastream"]
[Result "1-0"]
[WhiteElo "2887"]
[BlackElo "3029"]
[TimeControl "180+1"]
[EndTime "8:54:53 PDT"]
[Termination "Iball95 won on time"]

1. e4 b6 2. d4 Bb7 3. Nc3 e6 4.
Bd3 Nf6 5. Nge2 d6 6. O-O Be7 7. f4 c5 8. e5 dxe5 9. dxe5 Nd5 10. Nxd5 Bxd5 11. Nc3 Bc6 12. Qg4 g6 13. Rd1 Qc8 14. Be3 Qb7 15. Nb5 h5 16. Qe2 h4 17. h3 Nd7 18. a4 a6 19. Nd6+ Bxd6 20. exd6 Kf8 21. b4 cxb4 22. a5 b5 23. Rab1 Rh5 24. Rxb4 Nc5 25. Qf2 Nxd3 26. Rxd3 Qd7 27. Bd4 Rc8 28. Be5 Bd5 29. Rbd4 Qc6 30. Rd2 Kg8 31. Kh2 Rd8 32. R4d3 Bc4 33. Rc3 Rd7 34. Qb6 Qc8 35. Rf3 Rf5 36.
Qf2 f6 37. Bb2 Bd5 38. Rc3 Qb7 39. Qxh4 Rxd6 40. Rg3 Qf7 41. Rdd3 Rd7 42. Rc3 Bc4 43. Rce3 Rd2 44. Rg4 Bd5 45. Reg3 g5 46. fxg5 Rff2 47. gxf6+ 1-0

[Event "Early-Titled-Tuesday-Blitz-March-26-2024"]
[Site "Chess.com"]
[Date "2024.03.26"]
[Round "5"]
[White "Titus369"]
[Black "vladislavkovalev"]
[Result "0-1"]
[WhiteElo "2628"]
[BlackElo "2864"]
[TimeControl "180+1"]
[EndTime "8:54:54 PDT"]
[Termination "vladislavkovalev won on time"]

1. e4 e5 2. Nf3 Nc6 3. Bb5 a6 4. Ba4 Nf6 5. O-O Be7 6. d3 b5 7. Bb3 d6 8. a4 Rb8 9. c3 O-O 10. Re1 Na5 11. Bc2 b4 12. cxb4 Nc6 13. b5 axb5 14.
axb5 Rxb5 15. Nc3 Rb8 16. h3 Nb4 17. Bb1 c5 18. Kh2 h6 19. g4 Be6 20. Rg1 Nh7 21. g5 hxg5 22. Bd2 f6 23. Ne2 Nc6 24. Qa4 Ra8 25.
Qxa8 Qxa8 26. Rxa8 Rxa8 27. Nc3 Nd4 28. Nxd4 cxd4 29.
Nd5 Bxd5 30. exd5 Nf8 31. b4 Nd7 32. Rc1 Nb6 33. Rc2 Kf8 34. Ba2 Ke8 35. Bb3 Ra3 36. Rb2 Kd7 37. Rb1 f5 38. Bc1 Ra8 39. Bd2 Bf6 40. Kg2 e4 41. Re1 Ra3 42. Rb1 exd3 43. Kf1 Ra8 44. Ke1 Kc7 45. Kf1 Kb7 46. Bd1 Nc4 47.
Bc1 d2 48. Bb2 Re8 49. Be2 d3 50. Bxd3 Nxb2 51. Bc2 Bc3 52. Kg2 Re1 53. Rxb2 Bxb2 54.
Bxf5 d1=Q 0-1

[Event "Early-Titled-Tuesday-Blitz-March-26-2024"]
[Site "Chess.com"]
[Date "2024.03.26"]
[Round "5"]
[White "quizden37"]
[Black "masnyszachistaaa"]
[Result "1-0"]
[WhiteElo "2851"]
[BlackElo "2582"]
[TimeControl "180+1"]
[EndTime "8:54:59 PDT"]
[Termination "quizden37 won on time"]

1. Nf3 c5 2. c4 Nc6 3. Nc3 g6 4. g3 Bg7 5. Bg2 d6 6. O-O e6 7. b3 Nge7 8. Bb2 O-O 9. e3 d5 10. cxd5 exd5 11. d4 cxd4 12. Nxd4 Nxd4 13. exd4 Be6 14.
Ne2 Bg4 15. Re1 Nc6 16. h3 Bxe2 17. Qxe2 Nxd4 18. Bxd4 Bxd4 19. Rad1 Qb6 20. Bxd5 Rad8 21. Bc4 Kg7 22. Kg2 Qc6+ 23. Qf3 Qxf3+ 24. Kxf3 Bc5 25.
h4 h5 26. Kg2 Kf6 27. f4 Rfe8 28.
Rxe8 Rxd1 29. Rb8 Rd7 30. Kf3 b6 31. Rc8 Ke7 32. Rc6 Bd6 33. Rc8 Rc7 34. Rh8 Kf6 35. a4 a5 36. Rd8 Bc5 37. Rd5 Re7 38. Rd3 Rc7 39. g4 hxg4+ 40. Kxg4 Re7 41. Rd5 Kg7 42. Rg5 Re1 43. Rd5 Rg1+ 44. Kf3 Re1 45. Rd8 Re3+ 46. Kg4 Re1 47. Rc8 Rg1+ 48. Kf3 Re1 49.
Rd8 Kf6 50. Rd7 Re7 51. Rd5 Re1 52. h5 gxh5 53. Rxh5 Kg6 54. Rg5+ Kf6 55. Rg8 Re7 56.
Rh8 Re3+ 57. Kg4 Kg7 58. Rc8 Re1 59. Rc6 Rg1+ 60. Kf3 Re1 61. f5 Bd4 62. Rd6 Bc5 63. Rc6 Bd4 64. Kf4 Be3+ 65. Kg4 Bd4 66. Rd6 Bc5 67.
f6+ Kg6 68. Bd3+ Kh6 69. Rd8 Rg1+ 70. Kf4 1-0

[Event "Early-Titled-Tuesday-Blitz-March-26-2024"]
[Site "Chess.com"]
[Date "2024.03.26"]
[Round "5"]
[White "manitodeplomo"]
[Black "EternalNight8"]
[Result "0-1"]
[WhiteElo "2662"]
[BlackElo "2477"]
[TimeControl "180+1"]
[EndTime "8:55:02 PDT"]
[Termination "EternalNight8 won by resignation"]

1. d4 Nf6 2. c4 e6 3. Nf3 Bb4+ 4. Bd2 a5 5. Qc2 d5 6. Nc3 O-O 7. e3 b6 8. a3 Be7 9. cxd5 exd5 10. Bd3 c5 11. O-O c4 12. Bf5 Bxf5 13. Qxf5 Na6 14. b3 cxb3 15. Rfb1 g6 16. Qd3 Ne4 17. Rxb3 f5 18.
Rab1 Nc7 19. Rxb6 Bxa3 20. Ne5 Bd6 21. Nb5 Nxb5 22. R1xb5 Bxe5 23. dxe5 Qh4 24. Be1 Kh8 25. f3 Qh5 26. fxe4 fxe4 27. Qd2 Qf5 28. Bf2 a4 29. e6 a3 30. Rb7 a2 31. Rb1 axb1=Q+ 32. Rxb1 Qxe6 33. Be1 Qf6 34. Qe2 Rab8 35. Rc1 Rbc8 36. Rd1 Rfd8 37. Qg4 Kg8 38. Bh4 Qf5 39. Qxf5 gxf5 40.
Bxd8 Rxd8 41. Kf2 Kf7 42. Kg3 Ke6 43. Kf4 Rg8 44. h3 Rxg2 45. Ra1 Rf2+ 46. Kg5 Rg2+ 47. Kf4 Rf2+ 48. Kg5 Rf3 49. Kh6 Rxh3+ 50. Kg7 Rxe3 51. Ra8 Ke5 52. Re8+ Kd4 53. Kf6 f4 54. Kf5 f3 55.
Ra8 f2 56. Ra4+ Kd3 57. Ra3+ Ke2 58. Ra2+ Ke1 59. Rxf2 Kxf2 0-1

[Event "Early-Titled-Tuesday-Blitz-March-26-2024"]
[Site "Chess.com"]
[Date "2024.03.26"]
[Round "5"]
[White "Tol_Tol"]
[Black "Orest_Vovk"]
[Result "0-1"]
[WhiteElo "2349"]
[BlackElo "2571"]
[TimeControl "180+1"]
[EndTime "8:55:02 PDT"]
[Termination "Orest_Vovk won on time"]

1. d4 Nc6 2. d5 Ne5 3. Nc3 Ng6 4.
e4 e5 5. Be3 Bb4 6. Ne2 Nf6 7. f3 O-O 8. a3 Ba5 9. b4 Bb6 10. Bxb6 axb6 11. Ng3 d6 12. Bd3 Nf4 13. O-O g6 14. Nge2 N6h5 15. g3 Nh3+ 16. Kg2 Qg5 17.
Qc1 f5 18. Qxg5 Nxg5 19. h4 fxe4 20. hxg5 exd3 21. cxd3 Ng7 22. g4 Bd7 23. Ne4 Ne8 24. N2c3 Kg7 25. a4 h6 26. gxh6+ Kxh6 27. Rh1+ Kg7 28.
g5 Rh8 29. Rxh8 Kxh8 30. a5 bxa5 31. Rxa5 Rxa5 32. bxa5 Kg7 33. Kf2 Kf7 34. Ke3 Ng7 35. Nf6 Nf5+ 36. Kf2 Ke7 37. Ne2 Ba4 38. f4 Bb5 39.
fxe5 dxe5 40. Nc1 Kd6 41. Kf3 Ba4 42. Ke4 Ne7 43. Ne2 c6 44. dxc6 Bxc6+ 45. Ke3 Nf5+ 46. Kd2 Ke6 47. Nc3 Nd4 48. Nce4 Bxe4 49. Nxe4 Nb3+ 50. Kc3 Nxa5 51. Kb4 Nc6+ 52. Kb5 Nd4+ 53. Kb6 Nf3 54. Kxb7 Kf5 55. Kc6 Nxg5 0-1

[Event "Early-Titled-Tuesday-Blitz-March-26-2024"]
[Site "Chess.com"]
[Date "2024.03.26"]
[Round "5"]
[White "Andreikka"]
[Black "Sattarov_Bobur"]
[Result "1-0"]
[WhiteElo "2973"]
[BlackElo "2852"]
[TimeControl "180+1"]
[EndTime "8:55:04 PDT"]
[Termination "Andreikka won on time"]

1. e4 e5 2. Nf3 Nc6 3. Bb5 a6 4. Ba4 Bc5 5. d3 Qf6 6. Be3 Ba7 7. O-O Nge7 8. Nbd2 h6 9. c3 O-O 10. d4 d6 11.
dxe5 dxe5 12. Bxa7 Rxa7 13. Qe2 Ra8 14. Qe3 Bd7 15.
Rad1 Rad8 16. Bb3 Bg4 17. h3 Bc8 18. Kh2 Ng6 19. g3 Rd7 20. Kg2 Rfd8 21. Nc4 Rxd1 22. Rxd1 Rxd1 23. Bxd1 Qe6 24. Bb3 Qxh3+ 25. Kg1 Be6 26.
Ncd2 Qg4 27. Bd5 Nge7 28. c4 Qg6 29. a3 Qf6 30. b4 Nd8 31. Qc3 Ng6 32. c5 c6 33. Bc4 h5 34. Bxe6 Nxe6 35. Nc4 Ng5 36. Nxg5 Qxg5 37. Nd6 Qe7 38. Qf3 h4 39. Qf5 hxg3 40.
fxg3 Nf8 41. Kg2 b5 42. Qc8 Qe6 43. Qxc6 Qa2+ 44. Kh3 Qe6+ 45. Nf5 g6 46. Qxe6 Nxe6 47. Ne3 f6 48. Nd5 Nd4 49. Nxf6+ Kf7 50. Ng4 Ke6 51.
Ne3 Kf6 52. Kg4 1-0

[Event "Early-Titled-Tuesday-Blitz-March-26-2024"]
[Site "Chess.com"]
[Date "2024.03.26"]
[Round "5"]
[White "LLariMarc"]
[Black "WiktoriaPOL"]
[Result "0-1"]
[WhiteElo "2429"]
[BlackElo "2283"]
[TimeControl "180+1"]
[EndTime "8:55:04 PDT"]
[Termination "WiktoriaPOL won by checkmate"]

1. d4 d5 2. Nf3 Nf6 3. Bg5 e6 4. e3 Be7 5. Nbd2 h6 6. Bh4 c5 7.
c3 Nc6 8. Bd3 O-O 9. O-O b6 10.
Re1 Bb7 11. Qe2 Rc8 12. Rad1 Ne4 13. Bxe7 Nxe7 14. h3 Nf5 15. Ne5 Nfd6 16. Ndf3 f6 17. Ng6 Re8 18. Bxe4 Nxe4 19. Nf4 e5 20. dxe5 fxe5 21.
Nd3 Ba6 22. Qc2 Qf6 23. b3 Nd6 24. Nd2 Rf8 25. f3 Qg5 26. Nf2 Nf5 27. Qc1 Nxe3 28.
Rxe3 Qxe3 29. Re1 Qf4 30. Nf1 Qxc1 31. Rxc1 d4 32. c4 Bb7 33. Nd2 a6 34. Re1 Rce8 35.
Nd3 Rf5 36. Ne4 Bxe4 37. Rxe4 Rf6 38. Kf2 b5 39. Nxc5 bxc4 40. bxc4 Rc6 41. Nd3 Rxc4 42.
Nxe5 Rc2+ 43. Kg3 Rc5 44. f4 Rc3+ 45. Kg4 d3 46. Rd4 Rc2 47. g3 d2 48. Kf5 Rb8 49. h4 Rb1 50. Rd8+ Kh7 51. Nf7 Rc5+ 52. Ke6 d1=Q 53.
Rh8+ Kg6 54. h5+ Kxh5 55. Ne5 Qd5+ 56. Kf5 g6+ 57. Kf6 Rb6+ 58. Kg7 Rc7+ 59. Kf8 Qa8# 0-1